 Dungeon Crawl Stone Soup version 0.20.1-1-g8b1a95d (webtiles) character file.

82 vatarom the Gusty (level 4, -3/24 HPs)
             Began as a Tengu Air Elementalist on Sept 8, 2017.
             Slain by a river rat (8 damage)
             ... on level 2 of the Dungeon.
             The game lasted 00:08:09 (2818 turns).

vatarom the Gusty (Tengu Air Elementalist)          Turns: 2818, Time: 00:08:10

Health: -3/24      AC:  2    Str:  9    XL:     4   Next: 43%
Magic:  5/8        EV: 12    Int: 16    God:
Gold:   138        SH:  0    Dex: 14    Spells: 1/7 levels left

rFire    . . .     SeeInvis .   i - +0 dagger
rCold    . . .     Gourm    .   (no shield)
rNeg     . . .     Faith    .   a - +0 robe
rPois    .         Spirit   .   (helmet restricted)
rElec    .         Reflect  .   (no cloak)
rCorr    .         Harm     .   (no gloves)
MR       .....                  (boots unavailable)
Stlth    ++........             (no amulet)
Regen    0.1/turn               j - ring of flight
MPRegen  0.2/turn               (no ring)

@: very slightly contaminated
A: beak, talons 3
a: Evoke Flight


You were on level 2 of the Dungeon.
You were hungry.

You visited 1 branch of the dungeon, and saw 3 of its levels.

You collected 138 gold pieces.

Inventory:

Hand Weapons
 i - a +0 dagger (weapon)
Armour
 a - a +0 robe (worn)
Jewellery
 f - an uncursed ring of fire
 j - a ring of flight (left hand)
Potions
 e - a potion of berserk rage
 g - a potion of haste {unknown}
 k - a potion of heal wounds {unknown}
Books
 b - a book of Air

   Spells                             Type                      Level
   a - Shock                          Conjuration/Air              1
   b - Swiftness                      Charms/Air                   2
   c - Static Discharge               Conjuration/Air              3
   d - Airstrike                      Air                          4
   e - Lightning Bolt                 Conjuration/Air              5
Comestibles
 c - a bread ration
 d - 2 meat rations
 h - 2 royal jellies


   Skills:
 - Level 2.1 Dodging
 - Level 2.0 Stealth
 - Level 2.0 Spellcasting
 - Level 1.3 Conjurations
 + Level 6.7 Air Magic


You had one spell level left.
You knew the following spells:

 Your Spells              Type           Power        Failure   Level  Hunger
a - Shock                 Conj/Air       ##..         4%          1    #......
b - Swiftness             Chrm/Air       ##......     8%          2    ###....
c - Static Discharge      Conj/Air       ##......     12%         3    ###....


Dungeon Overview and Level Annotations

Branches:
Dungeon (3/15)

Altars:
Dithmenos


Innate Abilities, Weirdness & Mutations

You have a beak for a mouth.
You have claws for feet.


Message History

Confirm with . or Enter, or press ? or * to list all spells.
You don't have enough magic to cast that spell.
The river rat bites you!
* * * LOW HITPOINT WARNING * * *
An orc comes into view. It is wielding a hand axe.
The orc shouts!
The orc misses you.
Casting: Static Discharge
Confirm with . or Enter, or press ? or * to list all spells.
You miscast Swiftness.
You are very lightly contaminated with residual magic.
Wisps of vapour drift from your hands.
You are feeling hungry.
The river rat bites you.
* * * LOW HITPOINT WARNING * * *
The river rat twitches its whiskers.
The river rat twitches its whiskers.
You see here a club.
The river rat bites you!
You die...

#####...####### #.#..##.#
##### #######.#...#.#####
#.......#.#.#.#...)
#.......#.#...#....
###....o..#.##..#....
#.+..r....#.##..#....
#.#.......#.##..#....
#####.#.r.....#....>#[...
#.......@.....##########'
#....[..####### #.......
#.......##########.#####.
####........<....#.######
#..####.......#.......
#..# #.......########
#..# #............# #..#
#............# #..#
#######......#


You could see 2 river rats and an orc.

Vanquished Creatures
  3 adders (D:2)
  A worm (D:2)
  2 dart slugs
  A leopard gecko (D:2)
  An orc (D:2)
  2 giant cockroaches
  6 goblins
  7 hobgoblins
  5 kobolds
  A quokka (D:2)
  A ball python (D:1)
  5 bats
  5 frilled lizards (D:2)
  7 rats
47 creatures vanquished.

Notes
Turn   | Place    | Note
-------+----------+-------------------------------------------
     0 | D:1      | vatarom the Tengu Air Elementalist began the quest for the Orb.
     0 | D:1      | Reached XP level 1. HP: 10/10 MP: 4/4
   245 | D:1      | Reached XP level 2. HP: 15/15 MP: 1/6
   295 | D:1      | Learned a level 2 spell: Swiftness
   496 | D:1      | Reached skill level 5 in Air Magic
   955 | D:2      | Reached XP level 3. HP: 19/19 MP: 3/7
  1750 | D:2      | Found a shadowy altar of Dithmenos.
  1783 | D:2      | Learned a level 3 spell: Static Discharge
  1856 | D:2      | Reached skill level 6 in Air Magic
  2184 | D:2      | Reached XP level 4. HP: 19/24 MP: 1/8
  2818 | D:2      | Slain by a river rat

Skill      XL: |  1  2  3 |
---------------+----------+-----
Air Magic      | 5 6 |  6.7
Dodging        | |  2.1
Stealth        | |  2.0
Spellcasting   | |  2.0
Conjurations   | |  1.3

Action                   |  1- 3 |  4- 6 || total
-------------------------+-------+-------++-------
Melee: Unarmed           |     4 |       ||     4
       Dagger            |    11 |     7 ||    18
       Peck              |     3 |       ||     3
       Kick              |     2 |       ||     2
 Cast: Shock             |    72 |    12 ||    84
       Static Discharge  |     1 |     2 ||     3
       Swiftness         |     1 |     1 ||     2
  Use: Scroll            |     6 |       ||     6
       Potion            |     4 |     1 ||     5
  Eat: Chunk             |     3 |       ||     3
       Bread ration      |     1 |       ||     1
Armor: Robe              |     9 |     5 ||    14
Dodge: Dodged            |    26 |    19 ||    45
